 Seeded DCSS version 0.30-a0-1094-g860fb061e7 (webtiles) character file.

Game seed: 777 (custom seed)

11 BadtimePacifist the Grave Robber (level 2, -1/19 HPs)
             Began as a Demonspawn Necromancer on Apr 17, 2023.
             Slain by a giant cockroach (2 damage)
             ... on level 1 of the Dungeon.
             The game lasted 00:03:21 (576 turns).

BadtimePacifist the Grave Robber (DsNe)              Turns: 576, Time: 00:03:21

Health: -1/19      AC:  2    Str:  8    XL:     2   Next: 13%
Magic:  3/5        EV: 12    Int: 16    God:
Gold:   36         SH:  0    Dex: 13    Spells: 4/5 levels left

rFire   . . .      SeeInvis .    (no weapon)
rCold   . . .      Faith    .    (no shield)
rNeg    . . .      Spirit   .    a - +0 robe
rPois   .          Reflect  .    (no helmet)
rElec   .          Rampage  .    (no cloak)
rCorr   .                        (no gloves)
Will    .....                    (no boots)
Stlth   ++                       (no amulet)
HPRegen 0.23/turn                (no ring)
MPRegen 0.18/turn                (no ring)

@: no status effects
A: magic regeneration
a: no special abilities


You were on level 1 of the Dungeon.
You visited 1 branch of the dungeon, and saw 1 of its levels.

You collected 36 gold pieces.

Inventory:

Armour
 a - a +0 robe (worn)
Scrolls
 c - a scroll of torment {unknown}
 d - a scroll of fear {unknown}
 e - a scroll of teleportation {unknown}
 g - a scroll of blinking {unknown}
Potions
 b - a potion of magic
 f - a potion of degeneration {unknown}
 h - a potion of attraction {unknown}
 i - a potion of berserk rage {unknown}


   Skills:
 + Level 1.8 Dodging
 + Level 1.8 Stealth
 + Level 0.1 Unarmed Combat
 + Level 2.2 Spellcasting
 + Level 4.6 Necromancy


You had 4 spell levels left.
You knew the following spells:

 Your Spells              Type           Power      Damage    Failure   Level
a - Necrotise             Necr           64%        1d7       3%          1

Your spell library contained the following spells:

 Spells                   Type           Power      Damage    Failure   Level
 Vampiric Draining        Necr           16%        2d7       9%          3
 Animate Dead             Necr           16%        N/A       30%         4
 Ozocubu's Armour         Ice            1%         N/A       52%         3
 Agony                    Necr           16%        N/A       63%         5
 Metabolic Englaciation   Hex/Ice        0%         N/A       99%         5
 Simulacrum               Ice/Necr       4%         N/A       100%        6


Dungeon Overview and Level Annotations

Branches:
Dungeon (1/15)

Altars:


Innate Abilities, Weirdness & Mutations

You regenerate magic rapidly.


Message History

Your rat skeleton crumbles into dust!
Found 6 gold pieces.
A giant cockroach comes into view.
A jackal comes into view.
Found a scroll labelled FIZUUHA FUYHA.
A jackal comes into view.
The jackal barks! x2
A jackal comes into view.
The giant cockroach waves its antennae.
Your goblin skeleton crumbles into dust!
The giant cockroach closely misses you. The giant cockroach bites you.
The jackal barely misses you. The jackal closely misses you.
The giant cockroach closely misses you. The giant cockroach bites you.
You see here 6 gold pieces.
The jackal writhes in agony.
The jackal bites you. x2
The giant cockroach bites you. The jackal barely misses you.
The jackal bites you. The jackal closely misses you.
The jackal writhes in agony.
The giant cockroach bites you. The jackal barely misses you.
The jackal closely misses you. The jackal bites you.
You are too injured to fight recklessly!
You are too injured to fight recklessly!
You are too injured to fight recklessly!
The jackal bites you.
* * * LOW HITPOINT WARNING * * *
The jackal bites you.
* * * LOW HITPOINT WARNING * * *
The jackal bites you but does no damage.
The jackal bites you.
* * * LOW HITPOINT WARNING * * *
The jackal bites you.
* * * LOW HITPOINT WARNING * * *
The giant cockroach barely misses you.
Unknown command.
The jackal attacks as you move away!
The jackal bites you but does no damage.
The giant cockroach attacks as you move away!
The giant cockroach bites you.
You die...

#. #.#.......#..
#.######.#.......#..
#.#............#..Z#
#.......##...#......
#.......##.#........
#.......##.......##.
#.......#######..##.
#.hBh...### ##....
#..@h...... ... #
#........... ...
#..?..#.#### ...........
........#.##########
..........#..........###
......#+#.#....#........
...... .#....#.#...###
###....#.#.### #


You could see 3 jackals and a giant cockroach.

Vanquished Creatures
  A bat (D:1)
  2 endoplasms (D:1)
  A giant cockroach (D:1)
  A goblin (D:1)
  A ball python (D:1)
  A frilled lizard (D:1)
  4 rats (D:1)
11 creatures vanquished.

Notes
Turn   | Place    | Note
-------+----------+-------------------------------------------
     0 | D:1      | BadtimePacifist the Demonspawn Necromancer began the quest
                  | for the Orb.
     0 | D:1      | Reached XP level 1. HP: 13/13 MP: 3/3
   527 | D:1      | Gained mutation: You regenerate magic rapidly. [demonic
                  | ancestry]
   527 | D:1      | Reached XP level 2. HP: 19/19 MP: 3/5
   576 | D:1      | Slain by a giant cockroach

Illustrated notes

Levels and vault maps discovered:
D:1:      giann_wishing_wells, layout_basic, minivault_27,
          minmay_misc_feat_more_columns

Action                     || total
---------------------------++-------
  Melee: Unarmed           ||    24
   Cast: Necrotise         ||    12
 Armour: Robe              ||     7
  Dodge: Dodged            ||    27

Table legend: (Time is in decaauts)
 A = Elapsed time spent in this place.
 B = Non-inter-level travel time spent in this place.
 C = Inter-level travel time spent in this place.
 D = Time resting spent in this place.
 E = Time spent auto-exploring this place.
 F = Levels seen in this place.
 G = Mean time per level.
                   A        B        C        D        E       F      G
               +--------+--------+--------+--------+--------+-----+--------+
         Total |    576 |    576 |      0 |      0 |      0 |   1 |  576.0 |
       Dungeon |    576 |    576 |      0 |      0 |      0 |   1 |  576.0 |
               +--------+--------+--------+--------+--------+-----+--------+

Top non-repeatable levels by time:
     D:1: 576 daAuts
